 Dungeon Crawl Stone Soup version 0.26.1-2-gb8aa6d0cf2 (webtiles) character file.

Game seed: 12767845757023265308

679 DasRunzen the Ducker (level 7, -8/57 HPs)
             Began as a Demigod Gladiator on Feb 12, 2021.
             Mangled by an ogre
             ... wielding a +0 giant club
              (21 damage)
             ... on level 5 of the Dungeon.
             The game lasted 00:06:05 (5455 turns).

DasRunzen the Ducker (Demigod Gladiator)            Turns: 5455, Time: 00:06:06

Health: -8/57      AC:  6    Str: 17    XL:     7   Next: 11%
Magic:  14/14      EV: 14    Int: 16    God:
Gold:   201        SH:  0    Dex: 17    Spells: 11/11 levels left

rFire    . . .     SeeInvis .   a - +1 long sword
rCold    + . .     Faith    .   (no shield)
rNeg     . . .     Spirit   .   b - +0 leather armour
rPois    .         Reflect  .   c - +0 helmet
rElec    .         Harm     .   (no cloak)
rCorr    .         Rampage  .   o - +1 pair of gloves
Will     .....                  (no boots)
Stlth    +.........             f - amulet of magic regeneration
HPRegen  0.19/turn              i - ring of protection from cold
MPRegen  0.39/turn              (no ring)

@: no status effects
A: high mp 1
a: no special abilities


You were on level 5 of the Dungeon.
You visited 1 branch of the dungeon, and saw 5 of its levels.

You collected 201 gold pieces.

Inventory:

Hand Weapons
 a - a +1 long sword (weapon)
Missiles
 d - 3 throwing nets (quivered)
Armour
 b - a +0 leather armour (worn)
 c - a +0 helmet (worn)
 o - a +1 pair of gloves (worn)
Jewellery
 f - an amulet of magic regeneration (around neck)
 i - a ring of protection from cold (left hand)
 l - a +4 ring of evasion {unknown}
Wands
 k - a wand of random effects (15)
 m - a wand of acid (4)
Scrolls
 e - 4 scrolls of teleportation
 n - 2 scrolls of amnesia
 r - a scroll of remove curse
Potions
 g - a potion of heal wounds
 h - a potion of mutation {unknown}
 j - a potion of invisibility
 p - a potion of curing
 q - a potion of cancellation {unknown}
 s - a potion of magic {unknown}
 t - a potion of flight {unknown}


   Skills:
 + Level 3.6 Fighting
 + Level 4.2 Long Blades
 - Level 1.7 Throwing
 + Level 3.0 Armour
 + Level 4.2 Dodging
 + Level 2.6 Spellcasting


You had 11 spell levels left.
You didn't know any spells.
Your spell library was empty.

Dungeon Overview and Level Annotations

Branches:
Dungeon (5/15)
 Temple: D:4-7


Innate Abilities, Weirdness & Mutations

You have an increased reservoir of magic. (+10% MP)


Message History

An ogre comes into view. It is wielding a +0 giant club.
The ogre hits you with a +0 giant club!
You slash the ogre!
The ogre is heavily wounded.
The ogre hits you with a +0 giant club!
You hit the ogre but do no damage.
The ogre is heavily wounded.
The ogre hits you with a +0 giant club!!
* * * LOW HITPOINT WARNING * * *
You are too injured to fight recklessly!
You are too injured to fight recklessly!
You hit the ogre but do no damage.
The ogre is heavily wounded.
You hit the ogre.
The ogre is heavily wounded.
The ogre misses you.
You hit the ogre.
The ogre is severely wounded.
The ogre hits you with a +0 giant club!!
You die...

..... #..# .....
#..### #####
#..#.# #..#.#
#############..#..
...............#.#
##############.#.#
#.#O# #.#@# #.#.#
#.#.#.# #.....#
#.##### #.# #..
#.# ###


You could see an ogre.

Vanquished Creatures
  An ogre (D:4)
  A centaur (D:5)
  A scorpion (D:4)
  4 hounds (D:4)
  3 orc wizards
  An orc priest (D:4)
  Jessica (D:2)
  Terence (D:2)
  A worker ant (D:4)
  3 adders
  A white imp (D:5)
  An ooze (D:1)
  An adder skeleton (D:4)
  3 worms
  2 leopard geckos (D:1)
  13 orcs
  8 bats
  2 giant cockroaches
  9 goblins
  11 hobgoblins
  7 jackals
  8 kobolds
  2 quokkas
  2 ball pythons
  3 frilled lizards (D:1)
  A quokka skeleton (D:4)
  8 rats
99 creatures vanquished.

Vanquished Creatures (others)
  An orc wizard (D:5)
1 creature vanquished.

Grand Total: 100 creatures vanquished

Notes
Turn   | Place    | Note
-------+----------+-------------------------------------------
     0 | D:1      | DasRunzen the Demigod Gladiator began the quest for the
                  | Orb.
     0 | D:1      | Reached XP level 1. HP: 17/17 MP: 3/3
   140 | D:1      | Reached XP level 2. HP: 22/24 MP: 5/5
   391 | D:1      | Reached XP level 3. HP: 29/29 MP: 6/6
   749 | D:2      | Reached skill level 1 in Armour
   995 | D:2      | Noticed Jessica
  1002 | D:2      | Killed Jessica
  1003 | D:2      | Reached skill level 1 in Spellcasting
  1067 | D:2      | Found a faded altar of an unknown god.
  1073 | D:2      | Noticed Terence
  1080 | D:2      | Killed Terence
  1081 | D:2      | Reached XP level 4. HP: 25/37 MP: 8/8
  1680 | D:3      | Reached XP level 5. HP: 3/42 MP: 10/10
  2276 | D:3      | Found a sacrificial altar of Ru.
  3458 | D:4      | Reached XP level 6. HP: 48/51 MP: 12/12
  4565 | D:5      | Entered Level 5 of the Dungeon
  4950 | D:5      | Reached XP level 7. HP: 18/57 MP: 14/14
  5318 | D:5      | Found a blossoming altar of Fedhas.
  5455 | D:5      | Mangled by an ogre

Illustrated notes

Levels and vault maps discovered:
D:1:      minmay_arrival_loop, layout_basic, minmay_tetromino_o4
D:2:      layout_basic, chequers_ecumenical_altar_simple, uniq_terence,
          uniq_jessica
D:3:      layout_loops_cross, nicolae_ru_the_path_less_chosen
D:4:      layout_loops_ring, chequers_mini_garden
D:5:      layout_basic, lemuel_temple_firewalk_b, basic_altar,
          lemuel_flamethrower_1

Skill      XL: |  1  2  3  4  5  6 |
---------------+-------------------+-----
Fighting       | 2 3 |  3.6
Dodging        | 3 4 |  4.2
Long Blades    | 3 4 |  4.2
Armour         | 1 2 3 |  3.0
Spellcasting   | 1 2 |  2.6
Throwing       | |  1.7

Action                   |  1- 3 |  4- 6 |  7- 9 || total
-------------------------+-------+-------+-------++-------
Melee: Long sword        |    96 |   229 |     8 ||   333
  Use: Scroll            |     6 |     4 |       ||    10
       Potion            |       |     2 |       ||     2
 Stab: Sleeping          |     4 |     4 |       ||     8
Armor: Leather armour    |    19 |    55 |       ||    74
Dodge: Dodged            |    79 |   168 |     2 ||   249
       Rpst.: Long sword |    32 |    52 |       ||    84
